TOP OF THE 1ST |
Detroit Red Wings batting - Pitching for Niagara Falls Phantoms : LHP Gordon Jing
|
Pitching: LHP Gordon Jing
|
|
Batting: RHB António Scarlett
|
0-0: Called Strike 0-1: Swinging Strike 0-2: Ball 1-2: Strikes out swinging
|
Batting: LHB Duda Pinho
|
0-0: Ball 1-0: Called Strike 1-1: Ball 2-1: SOLO HOME RUN (Line Drive, 9D, EV 98.1 MPH), Distance : 360 ft
|
Batting: RHB Alex Duarte
|
0-0: TRIPLE (Flyball, 89XD, EV 101.9 MPH)
|
Batting: RHB Jorge Lebron
|
0-0: Swinging Strike 0-1: Swinging Strike 0-2: Ball 1-2: Foul Ball, location: 2F 1-2: Strikes out swinging
|
Batting: RHB Victor Acuna
|
0-0: Ball 1-0: Ball 2-0: Ball 3-0: Called Strike 3-1: Called Strike 3-2: Base on Balls
|
Batting: RHB Dustin Bursell
|
0-0: Ball 1-0: SINGLE (Line Drive, 9LS, EV 88.1 MPH) Alex Duarte scores Victor Acuna to second Runner from 2nd tries for 3rd, OUT! 9-5
|
Top of the 1st over - 2 runs, 3 hits, 0 errors, 1 left on base; Detroit 2 - Niagara Falls 0 |
BOTTOM OF THE 1ST |
Niagara Falls Phantoms batting - Pitching for Detroit Red Wings : RHP Felipe Guevara
|
Pitching: RHP Felipe Guevara
|
|
Batting: RHB Alfredo Mendez
|
0-0: Ball 1-0: Ball 2-0: Swinging Strike 2-1: Ball 3-1: Foul Ball, location: 2F 3-2: Strikes out swinging
|
Batting: SHB Bruce Shelton
|
0-0: Foul Ball, location: 2F 0-1: Fly out, F5 (Popup, 25, EV 88.1 MPH)
|
Batting: RHB Jonathan Feldstein
|
0-0: Ball 1-0: Ball 2-0: Called Strike 2-1: Foul Ball, location: 2F 2-2: Strikes out swinging
|
Bottom of the 1st over - 0 runs, 0 hits, 0 errors, 0 left on base; Detroit 2 - Niagara Falls 0 |
TOP OF THE 2ND |
Detroit Red Wings batting - Pitching for Niagara Falls Phantoms : LHP Gordon Jing
|
Batting: LHB Simon Barry
|
0-0: Called Strike 0-1: Ball 1-1: Fly out, F4 (Popup, 34, EV 65.0 MPH)
|
Batting: RHB Carlos Avila
|
0-0: SINGLE (Line Drive, 34D, EV 93.8 MPH)
|
Batting: SHB Franklin Garza
|
0-0: Called Strike 0-1: Grounds into double play, 4-6-3 (Groundball, 4, EV 85.0 MPH)
|
Top of the 2nd over - 0 runs, 1 hit, 0 errors, 0 left on base; Detroit 2 - Niagara Falls 0 |
BOTTOM OF THE 2ND |
Niagara Falls Phantoms batting - Pitching for Detroit Red Wings : RHP Felipe Guevara
|
Batting: RHB Scott Cuff
|
0-0: Ball 1-0: Foul Ball, location: 2F 1-1: Ball 2-1: Swinging Strike 2-2: Strikes out swinging
|
Batting: RHB Bailey Hays
|
0-0: Called Strike 0-1: Swinging Strike 0-2: Ball 1-2: Ball 2-2: Ball 3-2: Strikes out swinging
|
Batting: RHB Jim O'Dwyer
|
0-0: Called Strike 0-1: Fly out, F1 (Line Drive, P, EV 66.2 MPH)
|
Bottom of the 2nd over - 0 runs, 0 hits, 0 errors, 0 left on base; Detroit 2 - Niagara Falls 0 |
TOP OF THE 3RD |
Detroit Red Wings batting - Pitching for Niagara Falls Phantoms : LHP Gordon Jing
|
Batting: RHB António Scarlett
|
0-0: Fly out, F9 (Flyball, 9S, EV 83.8 MPH)
|
Batting: LHB Duda Pinho
|
0-0: Ball 1-0: Foul Ball, location: 2F 1-1: Foul Ball, location: 2F 1-2: Fly out, F8 (Flyball, 8RM, EV 93.8 MPH)
|
Batting: RHB Alex Duarte
|
0-0: Foul Ball, location: 2F 0-1: Called Strike 0-2: Ground out 4-3 (Groundball, 34, EV 108.8 MPH)
|
Top of the 3rd over - 0 runs, 0 hits, 0 errors, 0 left on base; Detroit 2 - Niagara Falls 0 |
BOTTOM OF THE 3RD |
Niagara Falls Phantoms batting - Pitching for Detroit Red Wings : RHP Felipe Guevara
|
Batting: LHB Rip Log
|
0-0: Ground out 4-3 (Groundball, 13, EV 88.8 MPH)
|
Batting: RHB Greg Oxford
|
0-0: Ball 1-0: Foul Ball, location: 2F 1-1: Called Strike 1-2: Ball 2-2: Foul Ball, location: 2F 2-2: Strikes out looking
|
Batting: RHB Juan Perez
|
0-0: Ground out 6-3 (Groundball, 6, EV 102.5 MPH)
|
Bottom of the 3rd over - 0 runs, 0 hits, 0 errors, 0 left on base; Detroit 2 - Niagara Falls 0 |
TOP OF THE 4TH |
Detroit Red Wings batting - Pitching for Niagara Falls Phantoms : LHP Gordon Jing
|
Batting: RHB Jorge Lebron
|
0-0: Ball 1-0: Ball 2-0: Ground out U3 (Groundball, 3, EV 80.6 MPH)
|
Batting: RHB Victor Acuna
|
0-0: Foul Ball, location: 2F 0-1: Ball 1-1: Ground out 5-3 (Groundball, 5, EV 92.5 MPH)
|
Batting: RHB Dustin Bursell
|
0-0: SINGLE (Line Drive, 56D, EV 108.8 MPH)
|
Batting: LHB Simon Barry
|
0-0: Called Strike 0-1: Swinging Strike 0-2: Foul Ball, location: 2F 0-2: SINGLE (Groundball, 6MD, EV 94.4 MPH) Dustin Bursell to second Runner from 2nd tries for 3rd, SAFE, throw by CF made to third
|
Batting: RHB Carlos Avila
|
0-0: Ball 1-0: Ball 2-0: Called Strike 2-1: Called Strike 2-2: Ball 3-2: Fly out, F9 (Flyball, 9LD, EV 98.8 MPH)
|
Top of the 4th over - 0 runs, 2 hits, 0 errors, 2 left on base; Detroit 2 - Niagara Falls 0 |
BOTTOM OF THE 4TH |
Niagara Falls Phantoms batting - Pitching for Detroit Red Wings : RHP Felipe Guevara
|
Batting: RHB Alfredo Mendez
|
0-0: Called Strike 0-1: Ball 1-1: Ground out 5-3 (Groundball, 56, EV 91.9 MPH)
|
Batting: SHB Bruce Shelton
|
0-0: DOUBLE (Groundball, 3L, EV 109.4 MPH)
|
Batting: RHB Jonathan Feldstein
|
0-0: Ball 1-0: Foul Ball, location: 2F 1-1: Swinging Strike 1-2: Ball 2-2: Ball 3-2: Base on Balls
|
Batting: RHB Scott Cuff
|
0-0: Ball 1-0: Fly out, F8 (Line Drive, 8LM, EV 95.6 MPH)
|
Batting: RHB Bailey Hays
|
0-0: Called Strike 0-1: Called Strike 0-2: Strikes out swinging
|
Bottom of the 4th over - 0 runs, 1 hit, 0 errors, 2 left on base; Detroit 2 - Niagara Falls 0 |
TOP OF THE 5TH |
Detroit Red Wings batting - Pitching for Niagara Falls Phantoms : LHP Gordon Jing
|
Batting: SHB Franklin Garza
|
0-0: Ball 1-0: Ball 2-0: Called Strike 2-1: Ball 3-1: Foul Ball, location: 2F 3-2: Fly out, F6 (Popup, 6, EV 77.5 MPH)
|
Batting: RHB António Scarlett
|
0-0: Ball 1-0: Called Strike 1-1: Fly out, F7 (Line Drive, 7, EV 96.9 MPH)
|
Batting: LHB Duda Pinho
|
0-0: Foul Ball, location: 2F 0-1: Ball 1-1: Foul Ball, location: 2F 1-2: Ground out 3-1 (Groundball, 34, EV 96.9 MPH)
|
Top of the 5th over - 0 runs, 0 hits, 0 errors, 0 left on base; Detroit 2 - Niagara Falls 0 |
BOTTOM OF THE 5TH |
Niagara Falls Phantoms batting - Pitching for Detroit Red Wings : RHP Felipe Guevara
|
Batting: RHB Jim O'Dwyer
|
0-0: Called Strike 0-1: Called Strike 0-2: Ball 1-2: Foul Ball, location: 2F 1-2: Foul Ball, location: 2F 1-2: Foul Ball, location: 2F 1-2: Ball 2-2: Foul Ball, location: 2F 2-2: Ball 3-2: Base on Balls
|
Batting: LHB Rip Log
|
0-0: Fielders Choice at 2nd, 6-4 (Groundball, 6, EV 105.6 MPH)
|
Batting: RHB Greg Oxford
|
0-0: Ball 1-0: Swinging Strike 1-1: Ball 2-1: Foul Ball, location: 2F 2-2: Foul Ball, location: 2F 2-2: Strikes out swinging
|
Batting: RHB Juan Perez
|
0-0: Called Strike 0-1: Swinging Strike 0-2: Ball 1-2: Strikes out swinging
|
Bottom of the 5th over - 0 runs, 0 hits, 0 errors, 1 left on base; Detroit 2 - Niagara Falls 0 |
TOP OF THE 6TH |
Detroit Red Wings batting - Pitching for Niagara Falls Phantoms : LHP Gordon Jing
|
Batting: RHB Alex Duarte
|
0-0: Called Strike 0-1: Ball 1-1: Ball 2-1: Foul Ball, location: 2F 2-2: Ball 3-2: Base on Balls
|
Batting: RHB Jorge Lebron
|
0-0: Ball 1-0: Swinging Strike 1-1: Ball 2-1: Foul Ball, location: 2F 2-2: Strikes out swinging
|
Batting: RHB Victor Acuna
|
0-0: Called Strike Pickoff Throw by Catcher to First - Out! 0-1: Foul Ball, location: 2F 0-2: Ball 1-2: Ball 2-2: Strikes out looking
|
Top of the 6th over - 0 runs, 0 hits, 0 errors, 0 left on base; Detroit 2 - Niagara Falls 0 |
BOTTOM OF THE 6TH |
Niagara Falls Phantoms batting - Pitching for Detroit Red Wings : RHP Felipe Guevara
|
Batting: RHB Alfredo Mendez
|
0-0: Called Strike 0-1: Ground out 6-3 (Groundball, 6, EV 86.9 MPH)
|
Batting: SHB Bruce Shelton
|
0-0: Swinging Strike 0-1: Swinging Strike 0-2: Strikes out swinging
|
Batting: RHB Jonathan Feldstein
|
0-0: SINGLE (Flyball, 56D, EV 88.1 MPH)
|
Batting: RHB Scott Cuff
|
0-0: Ball 1-0: Foul Ball, location: 2F 1-1: Ball 2-1: Reached on error, E1 (Groundball, 13S, EV 71.9 MPH) Jonathan Feldstein to second
|
Batting: RHB Bailey Hays
|
0-0: Fielders Choice at 2nd, 5-4 (Groundball, 5, EV 89.4 MPH)
|
Bottom of the 6th over - 0 runs, 1 hit, 1 error, 2 left on base; Detroit 2 - Niagara Falls 0 |
TOP OF THE 7TH |
Detroit Red Wings batting - Pitching for Niagara Falls Phantoms : LHP Gordon Jing
|
Batting: RHB Dustin Bursell
|
0-0: Ball 1-0: Called Strike 1-1: Foul Ball, location: 2F 1-2: Ball 2-2: TRIPLE (Flyball, 9LD, EV 107.5 MPH)
|
Batting: LHB Simon Barry
|
0-0: Intentional Walk
|
Batting: RHB Carlos Avila
|
0-0: Swinging Strike 0-1: Called Strike 0-2: Ball 1-2: Fly out, F9 (Flyball, 89S, EV 88.1 MPH)
|
Batting: SHB Franklin Garza
|
0-0: Ball 1-0: Called Strike 1-1: Ball 2-1: Foul Ball, location: 2F 2-2: Strikes out swinging
|
Batting: RHB António Scarlett
|
0-0: SINGLE (Groundball, 6S, EV 70.6 MPH) (infield hit) Dustin Bursell scores Simon Barry to second
|
Batting: LHB Duda Pinho
|
0-0: Ball 1-0: DOUBLE (Line Drive, 7LD, EV 112.5 MPH) Simon Barry scores António Scarlett to third Runner from 3rd tries for Home, SAFE, throw by LF to home
|
Batting: RHB Alex Duarte
|
0-0: 2-RUN HOME RUN (Line Drive, 78XD, EV 102.5 MPH), Distance : 413 ft
|
Pitching: RHP Ki-tae Lee
|
|
Batting: RHB Jorge Lebron
|
0-0: Ball 1-0: Ball 2-0: Ball 3-0: Base on Balls
|
Batting: RHB Victor Acuna
|
0-0: Ball 1-0: Fly out, F3 (Line Drive, 3L, EV 70.0 MPH)
|
Top of the 7th over - 5 runs, 4 hits, 0 errors, 1 left on base; Detroit 7 - Niagara Falls 0 |
BOTTOM OF THE 7TH |
Niagara Falls Phantoms batting - Pitching for Detroit Red Wings : RHP Felipe Guevara
|
Pinch Hitting: RHB Jose Villanueva
|
0-0: Foul Ball, location: 2F 0-1: Ball 1-1: Ball 2-1: Foul Ball, location: 2F 2-2: Ground out 5-3 (Groundball, 56S, EV 65.0 MPH)
|
Pinch Hitting: RHB Todd Wolters
|
0-0: Foul Ball, location: 2F 0-1: Ball 1-1: Ball 2-1: Ground out 4-3 (Groundball, 13, EV 83.8 MPH)
|
Batting: RHB Greg Oxford
|
0-0: Called Strike 0-1: Swinging Strike 0-2: Foul Ball, location: 2F 0-2: Ball 1-2: DOUBLE (Flyball, 89D, EV 103.1 MPH)
|
Pinch Hitting: RHB Ben Underwood
|
0-0: Ball 1-0: Ball 2-0: Ball 3-0: Called Strike 3-1: Fly out, F8 (Flyball, 89M, EV 89.4 MPH)
|
Bottom of the 7th over - 0 runs, 1 hit, 0 errors, 1 left on base; Detroit 7 - Niagara Falls 0 |
TOP OF THE 8TH |
Detroit Red Wings batting - Pitching for Niagara Falls Phantoms : RHP Ki-tae Lee
|
Now at 1B: Ben Underwood
|
|
Now at 2B: Todd Wolters
|
|
Now at SS: Bruce Shelton
|
|
Now in RF: Victor Reyna
|
|
Pinch Hitting: RHB Felipe Torres
|
0-0: Foul Ball, location: 2F 0-1: Swinging Strike 0-2: Strikes out swinging
|
Batting: LHB Simon Barry
|
0-0: Ball 1-0: Fly out, F7 (Flyball, 78XD, EV 83.1 MPH)
|
Pinch Hitting: RHB Harry Tugnut
|
0-0: Called Strike 0-1: Called Strike 0-2: Hit by Pitch
|
Pinch Hitting: RHB Peter Jones
|
0-0: Called Strike 0-1: Ball 1-1: Ball 2-1: Ball 3-1: Base on Balls Harry Tugnut to second
|
Pinch Hitting: RHB Yuusou Honda
|
0-0: Ball 1-0: Ball 2-0: Ball 3-0: Called Strike 3-1: Foul Ball, location: 2F 3-2: Foul Ball, location: 2F 3-2: Foul Ball, location: 2F 3-2: Base on Balls Harry Tugnut to third Peter Jones to second
|
Batting: LHB Duda Pinho
|
0-0: Ball 1-0: Ball 2-0: Ball 3-0: Called Strike 3-1: Base on Balls Harry Tugnut scores Peter Jones to third Yuusou Honda to second
|
Batting: RHB Alex Duarte
|
0-0: Swinging Strike 0-1: Swinging Strike 0-2: Strikes out swinging
|
Top of the 8th over - 1 run, 0 hits, 0 errors, 3 left on base; Detroit 8 - Niagara Falls 0 |
BOTTOM OF THE 8TH |
Niagara Falls Phantoms batting - Pitching for Detroit Red Wings : RHP Felipe Guevara
|
Now at 1B: Harry Tugnut
|
|
Now at 2B: Rick Brinkmann
|
|
Now in LF: Yuusou Honda
|
|
Now in CF: Duda Pinho
|
|
Now in RF: Felipe Torres
|
|
Pinch Hitting: LHB Luis Ponce
|
0-0: Ball 1-0: Fly out, F6 (Popup, 6, EV 62.5 MPH)
|
Batting: SHB Bruce Shelton
|
0-0: Ball 1-0: Called Strike 1-1: Foul Ball, location: 2F 1-2: SINGLE (Groundball, 4D, EV 105.0 MPH)
|
Batting: RHB Jonathan Feldstein
|
0-0: Ball 1-0: Foul Ball, location: 2F 1-1: Hit by Pitch Bruce Shelton to second
|
Batting: RHB Scott Cuff
|
0-0: Called Strike 0-1: Ball 1-1: Foul Ball, location: 2F 1-2: Fly out, F9 (Flyball, 89D, EV 78.1 MPH) Runner from 2nd tags up, SAFE at 3rd with throw by RF
|
Batting: RHB Bailey Hays
|
0-0: Called Strike 0-1: Called Strike 0-2: Foul Ball, location: 2F 0-2: Ball 1-2: Strikes out swinging
|
Bottom of the 8th over - 0 runs, 1 hit, 0 errors, 2 left on base; Detroit 8 - Niagara Falls 0 |
TOP OF THE 9TH |
Detroit Red Wings batting - Pitching for Niagara Falls Phantoms : RHP Ki-tae Lee
|
Now in CF: Hui Li
|
|
Batting: RHB Jorge Lebron
|
0-0: Called Strike 0-1: Ball 1-1: Ball 2-1: Foul Ball, location: 2F 2-2: Ball 3-2: Base on Balls
|
Pinch Hitting: LHB Ryan Adams
|
0-0: Called Strike 0-1: Foul Ball, location: 2F 0-2: Foul Ball, location: 2F 0-2: Foul Ball, location: 2F 0-2: Foul Ball, location: 2F 0-2: Foul Ball, location: 2F 0-2: Foul Ball, location: 2F 0-2: Foul Ball, location: 2F 0-2: Fielders Choice at 2nd, 5-4 (Groundball, 56, EV 85.0 MPH)
|
Pitching: RHP Jared Lesko
|
|
Pinch Hitting: LHB Iestyn Peacock
|
0-0: Foul Ball, location: 2F 0-1: Fly out, F8 (Flyball, 89M, EV 83.1 MPH)
|
Batting: LHB Simon Barry
|
0-0: Ball 1-0: Ground out 4-3 (Groundball, 4, EV 88.1 MPH)
|
Top of the 9th over - 0 runs, 0 hits, 0 errors, 1 left on base; Detroit 8 - Niagara Falls 0 |
BOTTOM OF THE 9TH |
Niagara Falls Phantoms batting - Pitching for Detroit Red Wings : RHP Felipe Guevara
|
Now at C: Jose Peralez
|
|
Now in RF: Iestyn Peacock
|
|
Batting: LHB Victor Reyna
|
0-0: Foul Ball, location: 2F 0-1: Ball 1-1: Ball 2-1: Called Strike 2-2: Foul Ball, location: 2F 2-2: Strikes out swinging
|
Batting: RHB Todd Wolters
|
0-0: Ball 1-0: Ball 2-0: SINGLE (Line Drive, 78M, EV 96.9 MPH)
|
Batting: RHB Greg Oxford
|
0-0: Ball 1-0: Ball 2-0: Swinging Strike 2-1: Foul Ball, location: 2F 2-2: Strikes out swinging
|
Pitching: RHP Alvaro Patino
|
|
Batting: RHB Ben Underwood
|
0-0: Ball 1-0: Foul Ball, location: 2F 1-1: Ball 2-1: Ball 3-1: Foul Ball, location: 2F 3-2: Fly out, F5 (Line Drive, 5, EV 70.0 MPH)
|
Bottom of the 9th over - 0 runs, 1 hit, 0 errors, 1 left on base; Detroit 8 - Niagara Falls 0 |
|